 Dungeon Crawl Stone Soup version 0.25-a0-731-g0472a16d6a (webtiles) character file.

Game seed: 17900884375120963804, levelgen mode: deterministic

110967 Mehrunes the Grappler (level 16, 125/125 HPs)
             Began as a Demonspawn Fighter on Apr 9, 2020.
             Was an Initiate of Yredelemnul.
             Quit the game in a treasure trove.
             The game lasted 01:49:32 (35302 turns).

Mehrunes the Grappler (Demonspawn Fighter)         Turns: 35302, Time: 01:49:33

Health: 125/125    AC: 23    Str: 32    XL:     16   Next: 8%
Magic:  26/26      EV: 15    Int:  9    God:    Yredelemnul [......]
Gold:   1523       SH: 13    Dex: 13    Spells: 15/15 levels left

rFire    + . .     SeeInvis +     - Unarmed
rCold    . . .     Gourm    .   c - +0 kite shield
rNeg     . . .     Faith    +   E - +3 plate armour
rPois    +         Spirit   +   U - +2 hat {Int+3}
rElec    .         Reflect  .   g - +0 cloak
rCorr    .         Harm     .   (no gloves)
MR       +....                  B - +0 pair of boots
Stlth    ..........             x - amulet of Democracy {Faith rPois Str+9 Int-4 SInv}
HPRegen  0.30/turn              N - +4 ring of evasion
MPRegen  0.40/turn              F - ring of protection from fire

@: no status effects
A: claws 2, hooves 1, horns 1, nightstalker 3, magic shield, magic regeneration,
magic link
a: Renounce Religion


You were in a treasure trove.
You worshipped Yredelemnul.
Yredelemnul was noncommittal.
You were very hungry.

You visited 6 branches of the dungeon, and saw 26 of its levels.
You also visited: Trove and Ossuary.

You collected 2048 gold pieces.
You spent 525 gold pieces at shops.

Inventory:

Hand Weapons
 a - a +0 rapier
 d - a +1 dagger of venom
 n - a +2 hunting sling of flaming
Missiles
 K - 4 javelins (quivered)
Armour
 c - a +0 kite shield (worn)
 g - a +0 cloak (worn)
 B - a +0 pair of boots (worn)
 E - a +3 plate armour (worn)
 U - a +2 hat of intelligence (worn)
Jewellery
 j - an uncursed ring of protection from magic
 l - an uncursed ring of protection from cold
 x - the amulet of Democracy (around neck) {Faith rPois Str+9 Int-4 SInv}
   (You acquired it on level 11 of the Dungeon)

   [amulet of faith]

   It allows you to gain divine favour quickly.
   It affects your strength (+9).
   It affects your intelligence (-4).
   It protects you from poison.
   It lets you see invisible.
 F - a ring of protection from fire (right claw)
 N - a +4 ring of evasion (left claw)
 V - a cursed -3 ring of intelligence {unknown}
 Z - a cursed ring of see invisible {unknown}
Wands
 A - a wand of paralysis (21)
 D - a wand of digging (6)
 G - a wand of acid (10)
 H - a wand of enslavement (6)
 J - a wand of flame (16)
 O - a wand of random effects (71)
 X - a wand of iceblast (10)
Scrolls
 b - 3 scrolls of magic mapping
 h - 2 scrolls of holy word
 i - 12 scrolls of remove curse
 p - 7 scrolls of teleportation
 q - 3 scrolls of fear
 w - 2 scrolls of random uselessness
 y - 2 scrolls of identify
 L - 2 scrolls of noise
 M - 3 scrolls of fog
 R - 3 scrolls of vulnerability
 T - a scroll of brand weapon
 Y - a scroll of immolation
Potions
 e - 6 potions of brilliance
 k - a potion of invisibility
 m - 11 potions of curing
 o - 3 potions of mutation
 r - 10 potions of degeneration
 s - 7 potions of haste
 t - a potion of ambrosia {unknown}
 u - 3 potions of resistance
 v - 2 potions of lignification
 z - a potion of magic {unknown}
 C - 2 potions of stabbing {unknown}
 I - 3 potions of cancellation {unknown}
 P - 2 potions of flight {unknown}
 Q - 3 potions of might
 W - a potion of berserk rage {unknown}
Comestibles
 f - 50 rations


   Skills:
 + Level 11.0 Fighting
 - Level 2.4 Short Blades
 - Level 12.2 Armour
 + Level 6.9 Dodging
 - Level 11.2 Shields
 - Level 14.0 Unarmed Combat
 - Level 14.0 Invocations
 + Level 5.5 Evocations


You had 15 spell levels left.
You didn't know any spells.
Your spell library contained the following spells:

 Spells                   Type           Power        Failure   Level  Hunger
 Animate Skeleton         Necr           N/A          98%         1    ##.....
 Apportation              Tloc           #.....       98%         1    ##.....
 Corona                   Hex            #......      98%         1    ##.....
 Foxfire                  Conj/Fire      #...         98%         1    ##.....
 Freeze                   Ice            #...         98%         1    ##.....
 Shock                    Conj/Air       #...         98%         1    ##.....
 Summon Small Mammal      Summ           #...         98%         1    ##.....
 Swiftness                Chrm/Air       #.......     99%         2    ###....
 Conjure Flame            Conj/Fire      #.......     100%        3    ####...
 Frozen Ramparts          Ice            #.....       100%        3    ####...
 Ozocubu's Armour         Chrm/Ice       #.......     100%        3    ####...
 Static Discharge         Conj/Air       #.......     100%        3    ####...
 Airstrike                Air            #.........   100%        4    #####..
 Hailstorm                Conj/Ice       #.......     100%        4    #####..
 Sticky Flame             Conj/Fire      #.......     100%        4    #####..
 Summon Ice Beast         Ice/Summ       #.......     100%        4    #####..
 Bolt of Magma            Conj/Fire/Erth #.........   100%        5    ######.
 Iskenderun's Battlesphe  Conj/Chrm      #.......     100%        5    ######.
 Lightning Bolt           Conj/Air       #.........   100%        5    ######.
 Iron Shot                Conj/Erth      #.........   100%        6    #######
 Ozocubu's Refrigeration  Ice            #.........   100%        6    #######
 Simulacrum               Ice/Necr       #.........   100%        6    #######
 Orb of Destruction       Conj           #.........   100%        7    #######
 Spellforged Servitor     Conj/Summ      #.........   100%        7    #######


Dungeon Overview and Level Annotations

Branches:
Dungeon (15/15)            Temple (1/1) D:4            Lair (6/6) D:9
 Shoals (0/4) Lair:3        Snake (1/4) Lair:2        Slime (0/5) Lair:6
    Orc (2/2) D:9             Elf (0/3) Orc:2        Vaults (0/5) D:14
 Depths (1/5) D:15        Ossuary (visited)

Altars:
Cheibriados
Dithmenos
Elyvilon
Gozag
Makhleb
Nemelex Xobeh
Okawaru
Ru
Sif Muna
Uskayaw
Vehumet
Xom
Yredelemnul
Zin
Beogh
Jiyva

Shops:
D:4 !   D:5 *   Orc:2 [%:=!   Snake:1 [

Portals:
Hell: Depths:1

Annotations:
D:4 Duvessa
D:6 2 transporters, Howlingfantods's ghost, novice MiFi
D:8 3 runed translucent doors, stillor's ghost, novice GrEE


Innate Abilities, Weirdness & Mutations

You have very sharp fingernails.
You have large cloven feet.
You have a pair of small horns on your head.
You are completely attuned to the shadows.
When hurt, damage is shared between your health and your magic reserves.
You regenerate magic rapidly.
When low on magic, you restore magic in place of health.


Message History

You see here a runed buckler.
You see here a shiny scale mail.
You see here a pair of fine gloves.
You see here a fine scale mail.
There is an open door here.
There is an open door here.
You see here a glowing scarf.
You see here a pair of encrusted gloves.
You see here the +3 hat of Pondering {ponderous, MR+ MP+10 Int+5}.
You see here a shiny buckler.
You see here the +3 hat of Pondering {ponderous, MR+ MP+10 Int+5}.
You see here a pair of encrusted gloves.
You see here a glowing scarf.
There is an open door here.
There is a large open door here.
There is a gate leading back out of this place here.
There is a large open door here.
Save game and exit?
Okay, then.
Are you sure you want to abandon this character and quit the game? (Confirm with "yes".)

########
#[[[[[[#
#[▓▓▓▓[#
#[▓..▓[#
#[▓.@▓[#
#[▓..▓[#
#[▓..▓[#
#'▓..▓'#
#......#
###''###
#......#
#.∩..∩.#
#......#


There were no monsters in sight!

Vanquished Creatures
  Rupert (D:12)
  A frost giant (Depths:1)
  3 very ugly things (Depths:1)
  A deep elf annihilator (Depths:1)
  Snorg (Lair:6)
  2 fire dragons (Depths:1)
  7 vault guards (D:14)
  5 hydras
  A great orb of eyes (Depths:1)
  An ice dragon (Depths:1)
  A rakshasa (Depths:1)
  3 centaur warriors
  7 two-headed ogres (Depths:1)
  5 death yaks (Lair:6)
  A naga sharpshooter (Snake:1)
  2 ogre magi (Depths:1)
  An orc high priest (Orc:2)
  2 unseen horrors (D:14)
  2 deep trolls (Depths:1)
  A wizard (D:14)
  A deep elf archer (D:15)
  Pikel (D:7)
  A mana viper (Snake:1)
  A naga ritualist (Snake:1)
  2 orc knights (Orc:1)
  2 orc sorcerers (Orc:2)
  6 ugly things
  2 cyclopes
  A guardian serpent (Snake:1)
  6 black mambas (Snake:1)
  Joseph (D:7)
  2 naga magi (Snake:1)
  5 spiny frogs
  4 centaur skeletons
  3 gargoyles
  2 rime drakes
  3 yaktaurs
  A spectral swamp worm (Depths:1)
  4 komodo dragons
  A tengu conjurer (D:14)
  2 meliai (D:14)
  5 trolls
  2 hornets (Lair:6)
  A polar bear (Lair:6)
  7 hippogriffs
  5 blink frogs
  7 dream sheep (Lair:6)
  A centaur simulacrum (D:14)
  49 yaks
  2 shadows
  3 vampires
  3 hogs (D:15)
  9 spriggans (Lair:6)
  3 steam dragons
  A basilisk (Lair:3)
  2 vampire mosquitoes (D:11)
  2 wargs
  Menkaure (D:7)
  Edmund (D:4)
  2 nagas (Snake:1)
  2 hell hounds (D:15)
  10 water moccasins
  21 orc warriors
  11 porcupines
  2 ice beasts
  A swamp drake (D:9)
  3 sky beasts
  2 phantoms
  A black bear (Lair:6)
  4 ogres
  4 boggarts (Lair:6)
  23 wolves
  7 centaurs
  5 crocodiles
  2 big kobolds
  Blork the orc (D:4)
  11 bullfrogs
  2 water moccasin zombies (Ossuary)
  A wyvern skeleton (D:11)
  A scorpion (D:12)
  Dowan (D:4)
  12 killer bees
  3 wights (D:13)
  A howler monkey (D:5)
  An electric eel (Lair:3)
  3 crimson imps
  5 jellies
  16 orc priests
  3 hounds
  16 worker ants
  16 orc wizards
  2 iguanas
  2 big kobold zombies (Ossuary)
  A hound skeleton (D:11)
  A howler monkey zombie (D:9)
  2 mummies (Ossuary)
  A worker ant zombie (D:6)
  3 gnolls (D:6)
  12 adders
  A howler monkey skeleton (D:6)
  5 shadow imps
  An ooze (D:3)
  7 adder zombies
  2 worms
  A dart slug (D:1)
  4 leopard geckos
  66 orcs
  11 bats
  9 giant cockroaches
  10 goblins
  8 hobgoblins
  17 jackals
  3 quokkas
  A ball python (D:1)
  A ball python skeleton (D:4)
  5 frilled lizards
  5 gnoll zombies (Ossuary)
  3 hobgoblin zombies (Ossuary)
  A jackal skeleton (D:4)
  17 kobolds
  5 kobold zombies (Ossuary)
  9 orc zombies (Ossuary)
  4 rats (D:1)
  2 bushes (Lair:6)
  A fungus (Lair:2)
  5 plants
624 creatures vanquished.

Vanquished Creatures (collateral kills)
  Agnes (Snake:1)
  The ghost of Ysytsuar the Eclecticist, an adept DEWz of Vehumet (Snake:1)
  3 very ugly things (Depths:1)
  Azrael (D:15)
  A spark wasp (Depths:1)
  An ettin (D:15)
  2 fire dragons
  A great orb of eyes (Depths:1)
  An ice dragon (Depths:1)
  A naga warrior (Snake:1)
  A vault guard (D:14)
  An anaconda (Snake:1)
  8 two-headed ogres
  An ogre mage (Depths:1)
  3 death yaks (Lair:6)
  A vampire mage (Depths:1)
  2 tengu warriors
  2 shock serpents (Snake:1)
  2 orc high priests (Orc:2)
  A deep troll shaman (Depths:1)
  4 naga sharpshooters (Snake:1)
  2 unseen horrors
  A wizard (Depths:1)
  2 deep trolls (Depths:1)
  A deep elf archer (D:15)
  A naga ritualist (Snake:1)
  4 mana vipers (Snake:1)
  4 orc knights (Orc:2)
  11 ugly things
  A salamander (Snake:1)
  4 orc sorcerers
  Maurice (D:13)
  A naga mage (Snake:1)
  9 black mambas
  2 spiny frogs
  A centaur zombie (D:14)
  4 spectral swamp worms (Depths:1)
  A centaur skeleton (D:15)
  2 komodo dragons
  2 rime drakes (Lair:4)
  A kobold demonologist (D:13)
  A rime drake (shapeshifter) (Depths:1)
  5 yaktaurs
  A meliai (D:14)
  A tengu conjurer (Depths:1)
  A polar bear (Lair:6)
  A hornet (Lair:6)
  A troll (D:15)
  8 blink frogs
  A meliai zombie (D:15)
  A hippogriff (shapeshifter) (D:14)
  A dream sheep (Lair:6)
  2 hippogriffs
  5 spriggans (Lair:6)
  A wraith (D:14)
  A wyvern (Lair:2)
  12 yaks
  A water elemental (D:13)
  A basilisk (Lair:2)
  4 hogs (D:15)
  A hungry ghost (D:13)
  A steam dragon (Lair:4)
  A fire elemental (D:15)
  2 wargs
  2 vampire mosquitoes (D:11)
  4 nagas (Snake:1)
  An acid dragon (D:13)
  4 hell hounds (D:15)
  3 water moccasins
  A spiny frog zombie (Lair:6)
  A porcupine (Lair:2)
  10 orc warriors
  A sky beast (D:15)
  A swamp drake (Lair:4)
  An ice beast (D:6)
  5 black bears
  A necrophage (D:9)
  11 wolves
  11 ogres
  9 centaurs
  2 crocodiles (Lair:5)
  2 bullfrogs
  2 scorpions
  A wight (D:13)
  3 crimson imps
  A jelly (Lair:6)
  14 orc priests
  A hound (D:13)
  A quasit (D:14)
  A worker ant (D:6)
  11 orc wizards
  A hound zombie (D:7)
  A worker ant zombie (D:11)
  A gnoll (D:6)
  An ooze (Lair:6)
  40 orcs
  4 kobolds
  4 bushes (Lair:6)
  3 butterflies (Lair:3)
  14 fungi
  14 plants
336 creatures vanquished.

Vanquished Creatures (others)
  3 vampire knights (Depths:1)
  A spectral human (D:15)
  A flayed ghost (D:15)
  A spark wasp zombie (Depths:1)
  A phantasmal warrior (Depths:1)
  2 ugly thing zombies (Depths:1)
  A frost giant zombie (Depths:1)
  A spectral elf (D:15)
  A rime drake (Lair:4)
  11 flying skulls
  2 black mamba zombies (Lair:6)
  2 wraiths
  4 vampires
  2 two-headed ogre zombies (Depths:1)
  A slave (D:7)
  A dream sheep zombie (Lair:6)
  A centaur (D:7)
  3 dream sheep skeletons (Lair:6)
  A troll zombie (Lair:6)
  2 komodo dragon skeletons
  2 water moccasin zombies
  A spriggan zombie (Lair:6)
  A yak zombie (Lair:5)
  A tengu zombie (Depths:1)
  A wight (Depths:1)
  4 spriggan skeletons (Lair:6)
  A polar bear skeleton (Lair:6)
  3 wolf zombies
  3 yak skeletons
  4 wolf skeletons (Lair:6)
  A big kobold zombie (D:7)
  A black bear skeleton (Lair:6)
  A bullfrog skeleton (D:9)
  A centaur skeleton (D:8)
  A porcupine skeleton (Lair:4)
  3 ogre zombies (Depths:1)
  A crocodile skeleton (Lair:6)
  A hound skeleton (D:9)
  2 mummies
  5 orc zombies (Orc:2)
  An orc (Orc:1)
  A jackal skeleton (D:6)
  6 orc skeletons
  A quokka skeleton (D:9)
  5 rat skeletons (Orc:2)
  47 fungi
  18 plants
159 creatures vanquished.

Grand Total: 1119 creatures vanquished

Notes
Turn   | Place    | Note
-------+----------+-------------------------------------------
     0 | D:1      | Mehrunes the Demonspawn Fighter began the quest for the
                  | Orb.
     0 | D:1      | Reached XP level 1. HP: 18/18 MP: 1/1
   119 | D:1      | Gained mutation: You have sharp fingernails. [demonic
                  | ancestry]
   119 | D:1      | Reached XP level 2. HP: 20/24 MP: 2/2
   408 | D:1      | Gained mutation: You have very sharp fingernails. [demonic
                  | ancestry]
   408 | D:1      | Reached XP level 3. HP: 29/29 MP: 3/3
  1238 | D:2      | Noticed a black bear
  1361 | D:2      | Reached skill level 1 in Unarmed Combat
  1361 | D:2      | Gained mutation: When hurt, damage is shared between your
                  | health and your magic reserves. [demonic ancestry]
  1361 | D:2      | Reached XP level 4. HP: 33/35 MP: 4/4
  2461 | D:3      | Gained mutation: You have a pair of small horns on your
                  | head. [demonic ancestry]
  2461 | D:3      | Reached XP level 5. HP: 35/42 MP: 2/5
  2731 | D:4      | Noticed Edmund
  3187 | D:4      | Found a sand-covered staircase.
  3200 | Ossuary  | Entered an ossuary
  3252 | Ossuary  | Reached XP level 6. HP: 21/48 MP: 2/6
  3888 | D:4      | Killed Edmund
  3948 | D:4      | Found Zinow's Distillery.
  3973 | D:4      | Reached XP level 7. HP: 53/53 MP: 7/7
  4184 | D:4      | Noticed Blork the orc
  4196 | D:4      | Killed Blork the orc
  4196 | D:4      | Reached skill level 5 in Unarmed Combat
  4522 | D:4      | Bought a potion of lignification for 39 gold pieces
  4543 | D:4      | Noticed Dowan
  4581 | D:4      | Killed Dowan
  4839 | D:4      | Found a staircase to the Ecumenical Temple.
  4889 | D:4      | Noticed Duvessa
  4905 | Temple   | Entered the Ecumenical Temple
  4944 | Temple   | Became a worshipper of Yredelemnul the Dark
  4993 | D:5      | Entered Level 5 of the Dungeon
  5176 | D:5      | Reached skill level 5 in Armour
  5489 | D:5      | Found Hoesexu's General Store.
  5496 | D:5      | Bought a +0 pair of boots for 45 gold pieces
  5846 | D:5      | Gained mutation: You are slightly more attuned to the
                  | shadows. [demonic ancestry]
  5846 | D:5      | Reached XP level 8. HP: 57/60 MP: 8/8
  6092 | D:5      | Bought a +0 chain mail for 45 gold pieces
  6123 | D:6      | Found a transporter.
  6123 | D:6      | Noticed Howlingfantods's ghost (novice MiFi)
  6232 | D:6      | Reached * piety under Yredelemnul
  6460 | D:6      | Found a transporter.
  6616 | D:6      | Reached skill level 1 in Invocations
  6742 | D:6      | Reached skill level 1 in Evocations
  7668 | D:7      | Noticed Joseph
  7984 | D:7      | Killed Joseph
  8059 | D:7      | Gained mutation: You regenerate magic rapidly. [demonic
                  | ancestry]
  8059 | D:7      | Reached XP level 9. HP: 58/65 MP: 8/11
  8101 | D:7      | Noticed Pikel
  8141 | D:7      | Killed Pikel
  8566 | D:7      | Your ally Pikel died
  8573 | D:7      | Reached ** piety under Yredelemnul
  8734 | D:7      | Noticed Menkaure
  8741 | D:7      | Killed Menkaure
  9489 | D:8      | Noticed stillor's ghost (novice GrEE)
  9490 | D:8      | Noticed a tengu conjurer
  9491 | D:8      | Noticed a troll
  9505 | D:8      | Found a runed translucent gate.
  9505 | D:8      | Found a runed translucent gate.
  9505 | D:8      | Found a runed translucent gate.
 10206 | D:8      | Reached XP level 10. HP: 62/71 MP: 10/13
 10632 | D:9      | Found a shimmering blue altar of Sif Muna.
 10902 | D:9      | Reached skill level 10 in Unarmed Combat
 11272 | D:9      | Found a staircase to the Lair.
 11767 | D:8      | Reached *** piety under Yredelemnul
 11914 | D:9      | Found a staircase to the Orcish Mines.
 12325 | Lair:1   | Entered Level 1 of the Lair of Beasts
 12669 | Lair:1   | Reached skill level 5 in Evocations
 12880 | Lair:1   | Noticed a spiny frog
 12886 | Lair:1   | Killed a spiny frog
 12886 | Lair:1   | Noticed a six-headed hydra
 12895 | Lair:1   | Killed a six-headed hydra
 13256 | Lair:2   | Reached skill level 5 in Fighting
 13709 | Lair:2   | Noticed a four-headed hydra
 13718 | Lair:2   | Killed a four-headed hydra
 13718 | Lair:2   | Reached skill level 5 in Shields
 13718 | Lair:2   | Gained mutation: You are significantly more attuned to the
                  | shadows. [demonic ancestry]
 13718 | Lair:2   | Reached XP level 11. HP: 60/81 MP: 11/14
 14050 | Lair:2   | Found a staircase to the Snake Pit.
 14376 | Lair:2   | Received a gift from Yredelemnul (a mummy)
 16101 | Lair:3   | Found a snail-covered altar of Cheibriados.
 16262 | Lair:3   | Found a staircase to the Shoals.
 16635 | Lair:3   | Reached skill level 5 in Invocations
 16851 | Lair:3   | Received a gift from Yredelemnul (a mummy)
 18348 | Lair:5   | Reached **** piety under Yredelemnul
 18354 | Lair:5   | Reached XP level 12. HP: 87/94 MP: 16/16
 18451 | Lair:5   | Received a gift from Yredelemnul (a wraith)
 19363 | Lair:5   | Identified the Almanac of Cold and Heat
 19664 | Lair:6   | Entered Level 6 of the Lair of Beasts
 20335 | Lair:6   | Noticed Snorg
 20341 | Lair:6   | Killed Snorg
 20341 | Lair:6   | Reached skill level 10 in Armour
 20647 | Lair:6   | Reached ***** piety under Yredelemnul
 20697 | Lair:6   | Received a gift from Yredelemnul (a wight)
 20985 | Lair:6   | Noticed a death yak
 20987 | Lair:6   | Noticed a death yak
 20988 | Lair:6   | Noticed a death yak
 20999 | Lair:6   | Killed a death yak
 21006 | Lair:6   | Killed a death yak
 21006 | Lair:6   | Reached skill level 10 in Shields
 21006 | Lair:6   | Gained mutation: You have large cloven feet. [demonic
                  | ancestry]
 21006 | Lair:6   | Reached XP level 13. HP: 50/101 MP: 1/20
 21316 | Lair:6   | Received a gift from Yredelemnul (2 flying skulls)
 21325 | Lair:6   | Reached skill level 10 in Invocations
 21393 | Lair:6   | Your ally Snorg died
 22090 | Lair:6   | Found a runed translucent door.
 22090 | Lair:6   | Found a viscous altar of Jiyva.
 22090 | Lair:6   | Found a staircase to the Slime Pits.
 22440 | D:10     | Entered Level 10 of the Dungeon
 22609 | D:10     | Received a gift from Yredelemnul (a wraith)
 22773 | D:10     | Noticed Nergalle
 22790 | D:10     | Killed Nergalle
 22790 | D:10     | Enslaved Nergalle
 23040 | D:10     | Received a gift from Yredelemnul (a vampire)
 23843 | D:11     | Identified a scroll of acquirement
 23844 | D:11     | Identified the amulet of Democracy {Faith rPois Str+9 Int-4
                  | SInv} (You acquired it on level 11 of the Dungeon)
 24239 | D:11     | Received a gift from Yredelemnul (2 flying skulls)
 24595 | D:12     | Received a gift from Yredelemnul (a vampire)
 24608 | D:12     | Noticed Rupert
 24622 | D:12     | Killed Rupert
 25086 | D:12     | Received a gift from Yredelemnul (2 flying skulls)
 25166 | D:12     | Found a shimmering altar of Xom.
 25775 | D:12     | Received a gift from Yredelemnul (5 flying skulls)
 26107 | D:13     | Reached XP level 14. HP: 108/108 MP: 22/22
 26115 | D:13     | Received a gift from Yredelemnul (a flayed ghost)
 26611 | D:13     | Found a hide-covered altar of Uskayaw.
 26613 | D:13     | Noticed Maurice
 26613 | D:13     | Paralysed by Maurice for 4 turns
 26625 | D:13     | Killed Maurice
 27051 | D:14     | Found a portal to a secret trove of treasure.
 27280 | D:14     | Found a gate to the Vaults.
 27332 | D:14     | Received a gift from Yredelemnul (a vampire knight)
 27680 | D:14     | Received a gift from Yredelemnul (a vampire)
 27781 | D:14     | Reached ****** piety under Yredelemnul
 28093 | D:14     | Received a gift from Yredelemnul (a vampire)
 28202 | D:15     | Entered Level 15 of the Dungeon
 28364 | D:15     | Received a gift from Yredelemnul (a phantasmal warrior)
 28413 | D:15     | Noticed Kirke
 28422 | D:15     | Killed Kirke
 28422 | D:15     | Enslaved Kirke
 28541 | D:15     | Noticed Azrael
 28553 | D:15     | HP: 4/108 [Azrael/+2 scimitar of flaming (14)]
 28558 | D:15     | Your ally Kirke died
 28558 | D:15     | Killed Azrael
 29062 | D:15     | Found a staircase to the Depths.
 29154 | D:15     | Found a shadowy altar of Dithmenos.
 29597 | Orc:1    | Entered Level 1 of the Orcish Mines
 29820 | Orc:1    | Paralysed by an orc sorcerer for 6 turns
 30268 | Orc:1    | Reached skill level 1 in Dodging
 30462 | Orc:1    | Found a roughly hewn altar of Beogh.
 30597 | Orc:2    | Entered Level 2 of the Orcish Mines
 30660 | Orc:2    | Found a staircase to the Elven Halls.
 30668 | Orc:2    | Received a gift from Yredelemnul (a vampire knight)
 30830 | Orc:2    | Gained mutation: When low on magic, you restore magic in
                  | place of health. [demonic ancestry]
 30830 | Orc:2    | Reached XP level 15. HP: 94/113 MP: 20/25
 30972 | Orc:2    | Received a gift from Yredelemnul (a vampire knight)
 30982 | Orc:2    | Found Sudgh's Jewellery Shoppe.
 30982 | Orc:2    | Found Macwoik's Book Shop.
 30995 | Orc:2    | Found Seima's Food Shoppe.
 30995 | Orc:2    | Found Tammepeynn's Armour Shop.
 31248 | Orc:2    | Found Ranagune's Distillery.
 31255 | Orc:2    | Received a gift from Yredelemnul (a vampire)
 31762 | Depths:1 | Entered Level 1 of the Depths
 31775 | Depths:1 | Received a gift from Yredelemnul (a vampire)
 31973 | Depths:1 | Received a gift from Yredelemnul (a bone dragon)
 32148 | Depths:1 | Noticed a juggernaut
 32163 | Depths:1 | Received a gift from Yredelemnul (a flayed ghost)
 32170 | Depths:1 | Killed a juggernaut
 32170 | Depths:1 | Enslaved a juggernaut
 32172 | Depths:1 | Noticed a frost giant
 32194 | Depths:1 | Killed a frost giant
 32194 | Depths:1 | Reached skill level 5 in Dodging
 32413 | Depths:1 | Reached skill level 10 in Fighting
 32413 | Depths:1 | Received a gift from Yredelemnul (a profane servitor)
 32568 | Depths:1 | Got a bloodstained chain mail
 32579 | Depths:1 | Identified the +4 chain mail of the Empire {rF++} (You
                  | found it on level 1 of the Depths)
 32702 | Depths:1 | Found a sparkling altar of Nemelex Xobeh.
 32717 | Depths:1 | Received a gift from Yredelemnul (a ghoul)
 33180 | Depths:1 | Found a gateway to Hell.
 33646 | Snake:1  | Entered Level 1 of the Snake Pit
 33678 | Snake:1  | Noticed Ysytsuar's ghost (adept DEWz)
 33715 | Snake:1  | Found a runed translucent gate.
 33716 | Snake:1  | Found a runed translucent gate.
 33717 | Snake:1  | Found a runed translucent gate.
 33731 | Snake:1  | Killed Ysytsuar's ghost
 33881 | Snake:1  | Noticed Agnes
 33889 | Snake:1  | Killed Agnes
 34336 | Snake:1  | Gained mutation: You are completely attuned to the shadows.
                  | [demonic ancestry]
 34336 | Snake:1  | Reached XP level 16. HP: 121/124 MP: 26/26
 34442 | Snake:1  | Found Xuduinis's Antique Armour Shoppe.
 34447 | Snake:1  | Bought a runed hat for 168 gold pieces
 34447 | Snake:1  | Bought a pair of brightly glowing gloves for 228 gold
                  | pieces
 34610 | Snake:1  | Found an opulent altar of Gozag.
 34999 | Snake:1  | Received a gift from Yredelemnul (a skeletal warrior)
 35214 | Trove    | Entered a treasure trove
 35220 | Trove    | Found the +3 hat of Pondering {ponderous, MR+ MP+10 Int+5}
 35232 | Trove    | Got a pitted plate armour
 35246 | Trove    | Identified the +0 plate armour "Bier" {rF+ Str+4 SInv} (You
                  | found it in a treasure trove)
 35302 | Trove    | Quit the game

Levels and vault maps discovered:
D:1:      matt_arrival_diagonals, layout_basic
D:2:      layout_basic
D:3:      layout_basic
D:4:      minmay_door_path, layout_basic, minmay_temple_entry_butterflies,
          portal_sewer_entry_f, chequers_ossuary_entry_cave, first_ration,
          serial_shops, shop, hangedman_decor_riveting, uniq_edmund,
          uniq_duvessa, uniq_blork_the_orc
D:5:      layout_basic, serial_shops, shop, minmay_stone_trees_large
D:6:      layout_basic, gammafunk_ghost_arena
D:7:      layout_basic, uniq_menkaure, uniq_pikel, uniq_joseph
D:8:      layout_basic, gammafunk_ghost_split
D:9:      layout_grid_maze, led_sif_pool, lair_entry_dummy, erik_orc_1,
          serial_bayou
D:10:     layout_roguey, uniq_nergalle
D:11:     layout_gridville
D:12:     layout_basic, basic_altar, uniq_rupert
D:13:     layout_basic, basic_altar, uniq_maurice
D:14:     layout_loops_cross, erik_vaults_2, nicolae_trove_entry_crossroad,
          abandoned_shop, grunt_tengu_nest, drop_trap, minivault_24
D:15:     hangedman_depths_entry_civil_slaughter, layout_irregular_city,
          nicolae_dithmenos_the_darkroom, uniq_kirke, uniq_azrael
Temple:   compressed_dpeg_circular_temple
Lair:1:   layout_gridlike, serial_bayou_pond_e, lemuel_fruit_tree
Lair:2:   layout_layer_cave, dummy_snake_entry
Lair:3:   layout_roguey, elwin_shoals_entry_rocks, basic_altar,
          infiniplex_staircase_pool, lemuel_fruit_fields
Lair:4:   layout_big_grid, guppyfry_lair_drakes
Lair:5:   layout_hall_layers, grunt_megastairs_2
Lair:6:   minmay_lair_end_enchanted_forest, layout_cave_pods, slime_altar_2,
          minmay_hedge_maze, minivault_25, uniq_snorg
Snake:1:  layout_layer_cave, gammafunk_ghost_split, basic_altar,
          minmay_shop_star, uniq_agnes
Orc:1:    layout_diamond_mine, basic_altar
Orc:2:    grunt_orc_tribal_feast, layout_diamond_mine, serial_shops, shop_statue
Depths:1: layout_small_grid, nemelex_xobeh_ov_fountains_minmay,
          pf_hell_entry_tar_river, minmay_misc_feat_room,
          hangedman_abyss_or_decor_stagger, hangedman_corner_corridor
Trove:    trove_armour_1

Skill      XL: |  1  2  3  4  5  6  7  8  9 10 11 12 13 14 15 16 |
---------------+-------------------------------------------------+-----
Short Blades   | 2 |  2.4
Shields        | 3 5 7 10 11 | 11.2
Armour         | 3 4 5 6 7 8 10 11 12 | 12.2
Unarmed Combat | 1 2 3 4 6 7 9 10 12 14 | 14.0
Invocations    | 3 6 9 11 13 14 | 14.0
Evocations     | 2 4 5 |  5.5
Fighting       | 5 8 9 10 11 | 11.0
Dodging        | 1 6 |  6.9

Action                   |  1- 3 |  4- 6 |  7- 9 | 10-12 | 13-15 | 16-18 || total
-------------------------+-------+-------+-------+-------+-------+-------++-------
Melee: Rapier            |   174 |    46 |       |       |       |       ||   220
       Unarmed           |    33 |   184 |   340 |   797 |   870 |    27 ||  2251
       Headbutt          |       |    33 |    68 |   172 |   207 |     9 ||   489
       Punch             |       |     3 |       |       |       |       ||     3
       Kick              |       |       |       |       |   237 |       ||   237
Throw: Boomerang         |     1 |       |       |       |       |       ||     1
       Javelin           |       |       |     2 |       |       |       ||     2
Invok: Animate Remains   |       |       |    12 |     8 |       |       ||    20
       Animate Dead      |       |       |       |    33 |    57 |     1 ||    91
       Recall Undead Sla |       |       |       |     2 |    12 |       ||    14
       Drain Life        |       |       |       |     3 |    13 |       ||    16
       Enslave Soul      |       |       |       |       |     9 |       ||     9
Evoke: Wand              |       |       |       |    18 |     3 |       ||    21
  Use: Scroll            |       |     2 |     1 |     7 |    17 |     1 ||    28
       Potion            |       |     2 |       |     9 |     1 |       ||    12
 Stab: Distracted        |       |       |       |     6 |    11 |       ||    17
       Paralysed         |       |       |       |     8 |       |       ||     8
  Eat: Chunk             |     2 |     5 |    19 |    38 |    52 |       ||   116
       Ration            |       |     1 |     1 |     3 |     5 |     1 ||    11
Armor: Scale mail        |   113 |   102 |    39 |       |       |       ||   254
       Chain mail        |       |       |    47 |       |       |       ||    47
       Plate armour      |       |       |    28 |   314 |   279 |     5 ||   626
       Skin              |       |       |       |     6 |       |       ||     6
Dodge: Dodged            |    73 |    84 |    55 |   190 |   288 |    15 ||   705
Block: Kite shield       |   114 |    33 |   111 |   396 |   544 |    16 ||  1214

Table legend:
 A = Non-vault XP
 B = Vault XP
 C = Vault XP percentage of total XP
 D = Non-vault monster count
 E = Vault monster count
 F = Vault count percentage of total count
                 A         B        C        D         E       F
            +---------+---------+-------+---------+---------+-------
      Total |  115822 |   42703 |  26.9 |     715 |     202 |  22.0
            +---------+---------+-------+---------+---------+-------
        D:1 |      64 |       0 |   0.0 |      39 |       0 |   0.0
        D:2 |      57 |       0 |   0.0 |      21 |       0 |   0.0
        D:3 |      83 |       0 |   0.0 |      15 |       0 |   0.0
        D:4 |     220 |     333 |  60.2 |      14 |      10 |  41.7
        D:5 |     381 |       0 |   0.0 |      19 |       0 |   0.0
        D:6 |     801 |       0 |   0.0 |      27 |       0 |   0.0
        D:7 |     990 |    1271 |  56.2 |      19 |       3 |  13.6
        D:8 |    1109 |     125 |  10.1 |      18 |       1 |   5.3
        D:9 |    1239 |     443 |  26.3 |      28 |      16 |  36.4
       D:10 |    4868 |       0 |   0.0 |      37 |       0 |   0.0
       D:11 |    5253 |       0 |   0.0 |      50 |       0 |   0.0
       D:12 |    5013 |    2413 |  32.5 |      29 |       1 |   3.3
       D:13 |    5107 |     431 |   7.8 |      39 |       1 |   2.5
       D:14 |   10503 |    8254 |  44.0 |      43 |       9 |  17.3
       D:15 |    5816 |    5264 |  47.5 |      22 |      21 |  48.8
     Lair:1 |    1769 |       0 |   0.0 |       5 |       0 |   0.0
     Lair:2 |    4596 |       0 |   0.0 |      21 |       0 |   0.0
     Lair:3 |    3397 |       0 |   0.0 |      22 |       0 |   0.0
     Lair:4 |    3744 |     497 |  11.7 |      20 |       4 |  16.7
     Lair:5 |    4837 |     101 |   2.0 |      25 |       1 |   3.8
     Lair:6 |   11815 |    7980 |  40.3 |      40 |      50 |  55.6
    Snake:1 |   11947 |    4377 |  26.8 |      33 |       9 |  21.4
      Orc:1 |    2975 |       0 |   0.0 |      48 |       0 |   0.0
      Orc:2 |    1263 |    4814 |  79.2 |      25 |      30 |  54.5
   Depths:1 |   27975 |    6106 |  17.9 |      56 |      12 |  17.6
    Ossuary |       0 |     294 | 100.0 |       0 |      34 | 100.0
            +---------+---------+-------+---------+---------+-------
